 Dungeon Crawl Stone Soup version 0.31-a0-574-g69dc8cc98e (webtiles) character file.

Game seed: 10143112449453713248

403 thirtiethelement the Firebug (level 6, -7/47 HPs)
             Began as a Demonspawn Cinder Acolyte on Aug 19, 2023.
             Was a High Priest of Ignis.
             Mangled by Edmund
             ... wielding a +3 flail of holy wrath
              (16 damage)
             ... on level 4 of the Dungeon.
             The game lasted 00:11:12 (4199 turns).

thirtiethelement the Firebug (DsCA)                 Turns: 4199, Time: 00:11:14

Health: -7/47      AC:  9    Str: 14    XL:     6   Next: 55%
Magic:  1/10       EV: 11    Int: 17    God:    Ignis [*****.]
Gold:   267        SH:  7    Dex:  9    Spells: 9/11 levels left

rFire   + . .        a - -1 falchion (flame)
rCold   . . .        j - +0 buckler
rNeg    . . .        i - +0 leather armour
rPois   .            d - +0 helmet
rElec   .            e - +0 cloak
rCorr   .            (no gloves)
SInv    .            (no boots)
Will    .....        (no amulet)
Stlth   +            (no ring)
HPRegen 0.27/turn    (no ring)
MPRegen 0.12/turn

%: no passive effects
@: no status effects
A: icemail 1, condensation shield
a: Renounce Religion, Fiery Armour, Foxfire Swarm, Rising Flame


You were on level 4 of the Dungeon.
You worshipped Ignis.
Ignis was extremely pleased with you.
You visited 1 branch of the dungeon, and saw 4 of its levels.

You collected 267 gold pieces.

Inventory:

Hand Weapons
 a - a -1 falchion of flaming (weapon)
Armour
 d - a +0 helmet (worn)
 e - a +0 cloak (worn)
 i - a +0 leather armour (worn)
 j - a +0 buckler (worn)
Magical Staves
 l - a staff of earth
Jewellery
 p - a ring of willpower
 y - an amulet of guardian spirit
Talismans
 r - a serpent talisman
Wands
 u - a wand of roots (17)
Scrolls
 b - a scroll of immolation {unknown}
 c - a scroll of silence {unknown}
 f - a scroll of teleportation {unknown}
 h - 2 scrolls of noise
 k - a scroll of vulnerability {unknown}
 t - a scroll of revelation {unknown}
 v - a scroll of enchant weapon {unknown}
Potions
 g - a potion of attraction {unknown}
 o - a potion of enlightenment {unknown}
 q - a potion of heal wounds {unknown}
 s - 2 potions of haste
 w - a potion of might {unknown}
 x - 2 potions of curing


   Skills:
 + Level 3.4 Fighting
 + Level 3.3 Long Blades
 + Level 1.9 Armour
 + Level 1.4 Dodging
 + Level 0.9 Stealth
 + Level 1.0 Shields
 + Level 3.1 Spellcasting
 + Level 4.2 Fire Magic


You had 9 spell levels left.
You knew the following spells:

 Your Spells              Type           Power      Damage    Failure   Level
a - Scorch                Fire           32%        2d6       9%          2

Your spell library contained the following spells:

 Spells                   Type           Power      Damage    Failure   Level
 Magic Dart               Conj           8%         1d3       30%         1
 Necrotise                Necr           8%         1d4       30%         1
 Call Imp                 Summ           4%         N/A       41%         2
 Static Discharge         Conj/Air       4%         2-3/arc   41%         2
 Ignite Poison            Fire/Tmut/Pois 7%         N/A       45%         3
 Mephitic Cloud           Conj/Pois/Air  2%         N/A       65%         3
 Vampiric Draining        Necr           2%         2d6       65%         3
 Flame Wave               Conj/Fire      9%         2d6       77%         4
 Sticky Flame             Conj/Fire      9%         2d3       77%         4
 Airstrike                Air            1%         2d(1-17)  96%         4
 Summon Lightning Spire   Summ/Air       2%         N/A       96%         4
 Agony                    Necr           2%         N/A       100%        5
 Summon Cactus Giant      Summ           1%         N/A       100%        6
 Ignition                 Fire           8%         3d5       100%        8


Dungeon Overview and Level Annotations

Branches:
Dungeon (4/15)
 Temple: D:4-7

Altars:
Cheibriados
Ru

Shops:
D:1 :

Annotations:
D:4 Edmund


Innate Abilities, Weirdness & Mutations

A meltable icy envelope protects you from harm. (AC +4)
A meltable shield of frost defends you. (SH +4)


Message History

Casting: Scorch (safe; 9% risk of failure)
Confirm with . or Enter, or press ? or * to list all spells.
Flames lash Edmund but do no damage.
Casting: Scorch (safe; 9% risk of failure)
Confirm with . or Enter, or press ? or * to list all spells.
Flames lash Edmund.
Edmund resists.
Edmund is lightly wounded.
Edmund's fire resistance burns away.
Edmund says, "People accused me of being a cutpurse!"
Edmund hits you with a +3 flail of holy wrath.
You convulse.
Casting: Scorch (safe; 9% risk of failure)
Confirm with . or Enter, or press ? or * to list all spells.
Flames lash Edmund but do no damage.
You block Edmund's attack.
Casting: Scorch (safe; 9% risk of failure)
Confirm with . or Enter, or press ? or * to list all spells.
Flames lash Edmund.
Edmund is moderately wounded.
Edmund hits you with a +3 flail of holy wrath.
You convulse.
Casting: Scorch (safe; 9% risk of failure)
Confirm with . or Enter, or press ? or * to list all spells.
Flames lash Edmund.
Edmund is moderately wounded.
Edmund hits you with a +3 flail of holy wrath.
You convulse.
You hit Edmund but do no damage.
Edmund is moderately wounded.
Edmund barely misses you.
You hit Edmund. You burn Edmund.
Edmund is heavily wounded.
Edmund hits you with a +3 flail of holy wrath.
You convulse.
You block Edmund's attack.
You closely miss Edmund.
Edmund is heavily wounded.
Edmund hits you with a +3 flail of holy wrath!
* * * LOW HITPOINT WARNING * * *
You convulse!
You die...
Edmund says, "I'd like to see a scythe do that!"

#..#.##.# #.#
#.....# #.......#
#.# ###.###
#.......# ###.###
#.# ####.####
#.....# #.# #.#
#.....# ..# #.#
#.....# #.#
#.....### #.#
#.@.....# #.# #@#
#.# ####.#####.#
#.# #....>......
#.# #.##.##.##.#
#.####.##......
#...............#
######.##....##.#
#.###.#.# # #..
....


You could see Edmund (combustible).

Vanquished Creatures
  A black bear (D:3)
  An ogre (D:3)
  A scorpion (D:4)
  An orc priest (D:4)
  A sleepcap (D:4)
  5 adders
  A worm (D:2)
  2 orcs (D:4)
  7 endoplasms
  2 giant cockroaches
  7 goblins
  9 hobgoblins
  2 jackals (D:1)
  6 quokkas
  8 ball pythons
  3 bats
  5 frilled lizards
  A kobold (D:3)
  2 rats
65 creatures vanquished.

Vanquished Creatures (others)
  14 foxfires (D:3)
14 creatures vanquished.

Grand Total: 79 creatures vanquished

Notes
Turn   | Place    | Note
-------+----------+-------------------------------------------
     0 | D:1      | thirtiethelement the Demonspawn Cinder Acolyte began the
                  | quest for the Orb.
     0 | D:1      | Reached XP level 1. HP: 18/18 MP: 2/2
   275 | D:1      | Found Qimaxtola's Book Shoppe.
   281 | D:1      | Gained mutation: A meltable shield of frost defends you.
                  | (SH +4) [demonic ancestry]
   281 | D:1      | Reached XP level 2. HP: 22/24 MP: 3/3
   310 | D:1      | Learned a level 2 spell: Scorch
   321 | D:1      | Reached skill level 3 in Fire Magic
   801 | D:1      | Reached XP level 3. HP: 29/29 MP: 4/4
  2549 | D:3      | Reached XP level 4. HP: 35/35 MP: 2/5
  2716 | D:3      | Found a faded altar of an unknown god.
  2861 | D:3      | Noticed an ogre
  2865 | D:3      | Killed an ogre
  2866 | D:3      | Reached skill level 1 in Armour
  2866 | D:3      | Reached skill level 1 in Dodging
  2866 | D:3      | Gained mutation: A meltable icy envelope protects you from
                  | harm. (AC +4) [demonic ancestry]
  2866 | D:3      | Reached XP level 5. HP: 41/41 MP: 7/7
  2926 | D:3      | Noticed a black bear
  2933 | D:3      | Killed a black bear
  3043 | D:3      | Found a sacrificial altar of Ru.
  3348 | D:4      | Reached XP level 6. HP: 47/47 MP: 6/9
  3743 | D:4      | Found a snail-covered altar of Cheibriados.
  3891 | D:4      | Reached skill level 1 in Shields
  3892 | D:4      | Reached skill level 4 in Fire Magic
  4191 | D:4      | Noticed Edmund
  4199 | D:4      | Mangled by Edmund

Illustrated notes

Levels and vault maps discovered:
D:1:      matt_arrival_los_fun, layout_basic, serial_shops, shop
D:2:      minmay_inner_zag, layout_loops_corners, basic_altar
D:3:      kennysheep_six_static_rooms, layout_loops_cross, lemuel_crystal_altar,
          dreamdust_ecumenical_altar_angels_and_demons
D:4:      layout_loops_cross, marbit_many_paths, uniq_edmund

Skill      XL: |  1  2  3  4  5  6 |
---------------+-------------------+-----
Long Blades    | 3 |  3.3
Fire Magic     | 3 4 |  4.2
Armour         | 1 |  1.9
Dodging        | 1 |  1.4
Spellcasting   | 2 3 |  3.1
Shields        | 1 |  1.0
Fighting       | |  3.4
Stealth        | |  0.9

Action                     |  1- 3 |  4- 6 || total
---------------------------+-------+-------++-------
  Melee: Falchion          |   128 |    30 ||   158
         Punch             |     1 |       ||     1
   Cast: Scorch            |    17 |    36 ||    53
 Invoke: Foxfire Swarm     |       |     1 ||     1
    Use: Scroll            |       |     4 ||     4
   Stab: Distracted        |     1 |       ||     1
 Armour: Robe              |    13 |       ||    13
         Leather armour    |    19 |    12 ||    31
  Dodge: Dodged            |    67 |    16 ||    83
  Block: Other             |     7 |       ||     7
         Buckler           |    20 |    14 ||    34

Table legend: (Time is in decaauts)
 A = Elapsed time spent in this place.
 B = Non-inter-level travel time spent in this place.
 C = Inter-level travel time spent in this place.
 D = Time resting spent in this place.
 E = Time spent auto-exploring this place.
 F = Levels seen in this place.
 G = Mean time per level.
                   A        B        C        D        E       F      G
               +--------+--------+--------+--------+--------+-----+--------+
         Total |   4225 |   4083 |    142 |      0 |   3557 |   4 | 1056.2 |
       Dungeon |   4225 |   4083 |    142 |      0 |   3557 |   4 | 1056.2 |
               +--------+--------+--------+--------+--------+-----+--------+

Top non-repeatable levels by time:
     D:2: 1258 daAuts
     D:1: 1188 daAuts
     D:3: 919 daAuts
     D:4: 858 daAuts
